 Dungeon Crawl Stone Soup version 0.30.1-11-g7821555f0a (webtiles) character file.

Game seed: 637502674051831617

32911 hawla the Thaumaturge (level 13, -5/103 HPs)
             Began as a Grey Draconian Conjurer on Jan 8, 2024.
             Was a High Priest of Vehumet.
             Killed from afar by an electric eel (12 damage)
             ... with a bolt of electricity
             ... on level 2 of the Lair of Beasts.
             The game lasted 00:48:34 (18051 turns).

hawla the Thaumaturge (Grey Draconian Conjurer)    Turns: 18051, Time: 00:48:35

Health: -5/103     AC: 20    Str:  9    XL:     13   Next: 33%
Magic:  24/37      EV: 14    Int: 30    God:    Vehumet [*****.]
Gold:   366        SH:  0    Dex: 10    Spells: 18/34 levels left

rFire   . . .        u - +7 great sword (vamp)
rCold   . . .        (shield currently unavailable)
rNeg    . . .        (body armour unavailable)
rPois   .            d - +2 hat
rElec   .            (no cloak)
rCorr   .            e - +2 pair of gloves
SInv    .            t - +1 pair of boots
Will    +....        (no amulet)
Stlth   ++++         K - ring "Boaruvy" {MP+9 Slay+4 Stlth+}
HPRegen 0.37/turn    w - +6 ring of intelligence
MPRegen 0.25/turn

%: no passive effects
@: no status effects
A: AC +13, amphibious, unfitting armour, cold-blooded, antennae 1, strong-willed
1, screaming 1
a: Renounce Religion


You were on level 2 of the Lair of Beasts.
You worshipped Vehumet.
Vehumet was extremely pleased with you.
You visited 2 branches of the dungeon, and saw 15 of its levels.
You also visited: Sewer.

You collected 928 gold pieces.
You spent 562 gold pieces at shops.

Inventory:

Hand Weapons
 u - a +7 vampiric great sword (weapon)
 x - a +0 lajatang
 A - the +4 falchion of the Pits of Slime {flame, rC- rN+ Dex+5}
   (You found it on level 1 of the Lair of Beasts)

   Dex:       It affects your dexterity (+5).
   rC:        It makes you vulnerable to cold.
   rN:        It protects you from negative energy.
Armour
 d - a +2 hat (worn)
 e - a +2 pair of gloves (worn)
 t - a +1 pair of boots (worn)
Magical Staves
 D - a staff of fire
 N - a staff of air
Jewellery
 b - a ring of magical power
 k - a +6 ring of dexterity
 r - a ring of wizardry
 w - a +6 ring of intelligence (right hand)
 K - the ring "Boaruvy" (left hand) {MP+9 Slay+4 Stlth+}
   (You bought it in a shop on level 2 of the Dungeon)

   [ring of magical power]

   Slay:      It affects your accuracy & damage with ranged weapons and melee
   (+4).
   MP:        It affects your magic capacity (+9).
   Stlth:     It makes you more stealthy.
 M - an amulet of the acrobat
Wands
 a - a wand of light (2)
 m - a wand of iceblast (8)
 I - a wand of polymorph (5)
 J - a wand of flame (6)
Scrolls
 c - 6 scrolls of magic mapping
 i - 4 scrolls of enchant armour
 l - 3 scrolls of teleportation
 q - a scroll of amnesia
 v - 4 scrolls of vulnerability
 y - a scroll of fear
 z - a scroll of immolation
 C - 3 scrolls of noise
 F - 2 scrolls of fog
 G - a scroll of identify
 H - a scroll of silence
 L - a scroll of blinking {unknown}
Potions
 f - 6 potions of flight
 g - 2 potions of haste
 h - a potion of cancellation
 j - a potion of might
 n - 3 potions of berserk rage
 o - 6 potions of curing
 p - a potion of mutation
 s - 3 potions of attraction
 B - 2 potions of brilliance
 E - a potion of ambrosia
Miscellaneous
 O - a phial of floods
 P - a box of beasts
 Q - a phantom mirror


   Skills:
 + Level 6.5 Fighting
 + Level 8.1 Long Blades
 + Level 7.7 Dodging
 + Level 6.0 Stealth
 - Level 0.6 Unarmed Combat
 + Level 11.1 Spellcasting
 + Level 9.6 Conjurations
 + Level 6.3 Necromancy
 + Level 6.7 Translocations
 + Level 4.9 Poison Magic
 + Level 3.0 Evocations


You had 18 spell levels left.
You knew the following spells:

 Your Spells              Type           Power      Damage    Failure   Level
a - Hailstorm             Conj/Ice       45%        3d10      1%          3
b - Searing Ray           Conj           100%       2d8       1%          2
c - Iskenderun's Mystic   Conj/Tloc      60%        2d13      1%          4
d - Vampiric Draining     Necr           53%        2d9       1%          3
e - Olgreb's Toxic Radia  Pois           46%        N/A       1%          4

Your spell library contained the following spells:

 Spells                   Type           Power      Damage    Failure   Level
 Conjure Ball Lightning   Conj/Air       22%        3x3d6     17%         6
 Magic Dart               Conj           100%       1d8       1%          1
 Necrotise                Necr           100%       1d9       1%          1
 Cigotuvi's Dreadful Rot  Necr/Pois/Air  78%        N/A       1%          2
 Dazzling Flash           Conj/Hex       90%        N/A       1%          3
 Ignite Poison            Fire/Tmut/Pois 26%        N/A       1%          3
 Fulminant Prism          Conj/Hex       22%        3d12      1%          4
 Vhi's Electric Charge    Tloc/Air       72%        N/A       2%          3
 Beastly Appendage        Tmut           32%        N/A       3%          1
 Slow                     Hex            64%        N/A       3%          1
 Spider Form              Tmut/Pois      31%        N/A       3%          3
 Arcjolt                  Conj/Air       22%        1d32      3%          5
 Wereblood                Tmut           16%        N/A       4%          2
 Agony                    Necr           53%        N/A       6%          5
 Freezing Cloud           Conj/Ice/Air   18%        6-21      6%          5
 Confusing Touch          Hex            16%        N/A       10%         3
 Summon Forest            Summ/Tloc      18%        N/A       22%         5
 Ice Form                 Ice/Tmut       16%        N/A       30%         4
 Summon Mana Viper        Hex/Summ       16%        N/A       65%         5
 Simulacrum               Ice/Necr       17%        N/A       78%         6
 Summon Cactus Giant      Summ           8%         N/A       99%         6
 Discord                  Hex            8%         N/A       100%        8
 Ignition                 Fire           8%         3d5       100%        8
 Maxwell's Capacitive Co  Air            8%         ∞         100%        8


Dungeon Overview and Level Annotations

Branches:
Dungeon (13/15)            Temple (0/1) D:7            Lair (2/5) D:9
  Swamp (0/4) Lair:2          Orc (0/2) D:9           Sewer (visited)
  Snake: Lair:2-3    Spider: Lair:2-3    Vaults: D:13-14

Altars:
Ashenzari
Cheibriados
Fedhas
Gozag
Hepliaklqana
Kikubaaqudgha
Makhleb
Nemelex Xobeh
Ru
Sif Muna
Uskayaw
Vehumet
Wu Jian
Xom
Zin
The Shining One

Shops:
D:1 ?   D:2 =   D:3 (   D:10 :


Innate Abilities, Weirdness & Mutations

Your dull iron-grey scales are very hard. (AC +13)
You are amphibious.
You cannot fit into any form of body armour.
You are cold-blooded and may be slowed by cold attacks.
You have a pair of small antennae on your head.
You are strong-willed. (Will+)
You occasionally shout uncontrollably at your foes.


Message History

Casting: Iskenderun's Mystic Blast (safe; 1% risk of failure)
Confirm with . or Enter, or press ? or * to list all spells.
You erupt in a blast of force!
The mystic blast hits the swamp worm!!
You kill the swamp worm!
Vehumet accepts your kill.
You feel your power returning.
The swamp worm fires a harpoon shot at you.
The harpoon shot hits you!
* * * LOW HITPOINT WARNING * * *
You are yanked forward by the harpoon shot.
You yell at the electric eel!
An electric eel comes into view.
Found a staircase to the Swamp.
Okay, then.
Casting: Iskenderun's Mystic Blast (safe; 1% risk of failure)
Confirm with . or Enter, or press ? or * to list all spells.
Aiming: Vampiric Draining (safe; 1% risk of failure)
Press: ? - help, Shift-Dir - straight line, f - swamp worm
Aim: a swamp worm (moderately wounded, very poisoned)
You draw life force from the swamp worm!
You feel life coursing into your body!
The electric eel is poisoned.
Your toxic aura wanes.
The swamp worm bites you!
* * * LOW HITPOINT WARNING * * *
The swamp worm bites you!
* * * LOW HITPOINT WARNING * * *
Casting: Vampiric Draining (safe; 1% risk of failure)
Confirm with . or Enter, or press ? or * to list all spells.
Aiming: Vampiric Draining (safe; 1% risk of failure)
Press: ? - help, Shift-Dir - straight line, f/p - swamp worm
Aim: a swamp worm (severely wounded, very poisoned)
You draw life force from the swamp worm!
You kill the swamp worm!
Vehumet accepts your kill.
You feel your power returning.
You feel life coursing into your body.
The electric eel shoots out a bolt of lightning at you!
The bolt of electricity hits you but does no damage.
The electric eel shoots out a bolt of lightning at you!
The bolt of electricity hits you!
You die...

### #######.###### ### ## #
#######..#.#.#.##..######.###.#.#
.................................
.................................
##.#.##...♣♣♣♣♣♣♣♣...............
####♣♣♣♣♣♣ ♣♣♣♣♣♣♣♣♣♣♣.........#
≈§S§≈♣~~≈♣~≈≈~~♣♣♣....).#. #
§§§...†..@..♣.....⌠.....# #
~>§.♣...†.....♣†..⌠......# # §
♣~≈~~♣~~†≈~♣♣♣........ #
♣♣♣♣♣♣♣♣♣♣♣♣ ^$#...##. # ##
.##...# ##.##.#..##♣ . .....
....<......## ..# ## ...#.
.........P#.##.P ..
...............#


You could see an electric eel (poisoned).

Vanquished Creatures
  2 boulder beetles (D:12)
  2 centaur warriors
  A tengu warrior (D:9)
  7 two-headed ogres
  A bog body (Lair:2)
  2 deep elf pyromancers (D:12)
  Pikel (D:9)
  3 ugly things
  A manticore (D:9)
  2 black mambas
  Psyche (D:10)
  2 gargoyles
  A rime drake (Lair:1)
  3 cane toads
  7 komodo dragons
  2 unseen horrors
  A polar bear (Lair:2)
  5 trolls
  3 meliai (D:13)
  3 hornets
  Grinder (D:3)
  2 wraiths
  2 shadows
  37 yaks
  3 wyverns
  2 vampires
  A basilisk (D:10)
  Eustachio (D:4)
  7 vampire mosquitoes
  3 steam dragons
  3 swamp worms (Lair:2)
  4 acid dragons
  10 water moccasins
  An ice beast (D:6)
  5 orc warriors
  A black bear (D:9)
  A sky beast (D:7)
  9 centaurs
  A phantom (D:4)
  5 kobold brigands (Sewer)
  11 bullfrogs
  A gnoll sergeant (D:9)
  5 necrophages (Lair:2)
  14 wights
  A killer bee (D:10)
  4 howler monkeys
  An electric eel (D:10)
  6 hounds
  2 jellies
  6 orc priests
  A gnoll bouda (D:8)
  Terence (D:2)
  9 orc wizards
  3 sleepcaps
  An iguana (D:7)
  Robin (D:3)
  18 gnolls
  9 adders
  2 river rats (Sewer)
  A shadow imp (D:7)
  4 white imps
  3 worms
  2 dart slugs (D:4)
  22 orcs
  14 endoplasms
  2 giant cockroaches (D:2)
  16 goblins
  5 hobgoblins
  2 jackals (D:4)
  2 quokkas (D:1)
  9 ball pythons
  5 bats
  4 frilled lizards
  4 kobolds
  13 rats
353 creatures vanquished.

Vanquished Creatures (others)
  A kobold brigand (Sewer)
  An orc wizard (D:13)
2 creatures vanquished.

Grand Total: 355 creatures vanquished

Notes
Turn   | Place    | Note
-------+----------+-------------------------------------------
     0 | D:1      | hawla the Draconian Conjurer began the quest for the Orb.
     0 | D:1      | Reached XP level 1. HP: 14/14 MP: 3/3
   447 | D:1      | Found Huykkan's Magic Scroll Shop.
   456 | D:1      | Bought a scroll of identify for 20 gold pieces
   456 | D:1      | Bought a scroll of teleportation for 30 gold pieces
   520 | D:1      | Reached XP level 2. HP: 20/20 MP: 5/5
   523 | D:1      | Learned a level 2 spell: Searing Ray
   840 | D:2      | Reached XP level 3. HP: 19/26 MP: 0/6
  1116 | D:2      | Reached skill level 5 in Conjurations
  1117 | D:2      | Reached XP level 4. HP: 33/33 MP: 7/7
  1331 | D:2      | Found Ihaskuk's Jewellery Shop.
  1353 | D:2      | Noticed Terence
  1361 | D:2      | Killed Terence
  1903 | D:3      | Found Tof Oguf's Weapon Emporium.
  1916 | D:3      | Found a snail-covered altar of Cheibriados.
  1916 | D:3      | Noticed Grinder
  1917 | D:3      | Found a radiant altar of Vehumet.
  1917 | D:3      | Found a blossoming altar of Fedhas.
  1927 | D:3      | Killed Grinder
  1928 | D:3      | Reached skill level 3 in Spellcasting
  1928 | D:3      | Reached XP level 5. HP: 16/38 MP: 6/10
  1928 | D:3      | Reached XP level 6. HP: 18/45 MP: 6/11
  1933 | D:3      | Learned a level 4 spell: Iskenderun's Mystic Blast
  1933 | D:3      | Found a sacrificial altar of Ru.
  1936 | D:3      | Found a broken altar of Ashenzari.
  1940 | D:3      | Became a worshipper of Vehumet
  2205 | D:3      | Found a glowing golden altar of the Shining One.
  2205 | D:3      | Noticed Robin
  2219 | D:3      | Killed Robin
  2220 | D:3      | Reached skill level 1 in Translocations
  2444 | D:3      | Found a glowing silver altar of Zin.
  2450 | D:3      | Found a faded altar of an unknown god.
  2500 | D:3      | Found an ancient bone altar of Kikubaaqudgha.
  2500 | D:3      | Found a burning altar of Makhleb.
  2506 | D:3      | Found a shimmering altar of Xom.
  2508 | D:3      | Found a faded altar of an unknown god.
  2510 | D:3      | Found a faded altar of an unknown god.
  2575 | D:4      | Gained mutation: You occasionally shout uncontrollably at
                  | your foes. [potion of mutation]
  2575 | D:4      | Gained mutation: You are strong-willed. (Will+) [potion of
                  | mutation]
  2575 | D:4      | Gained mutation: You have a pair of small antennae on your
                  | head. [potion of mutation]
  2812 | D:4      | Noticed Eustachio
  2852 | D:4      | Killed Eustachio
  2853 | D:4      | Your scales start taking on a dull iron-grey colour.
  2853 | D:4      | Reached XP level 7. HP: 37/51 MP: 12/12
  3570 | D:5      | Entered Level 5 of the Dungeon
  3770 | D:5      | Reached skill level 4 in Spellcasting
  3951 | D:5      | Reached skill level 1 in Fighting
  4020 | D:5      | Reached * piety under Vehumet
  4020 | D:5      | Offered knowledge of Sandblast by Vehumet.
  4245 | D:5      | Learned a level 3 spell: Vampiric Draining
  4273 | D:6      | Found a glowing drain.
  4341 | Sewer    | Entered a sewer
  4598 | Sewer    | Reached skill level 1 in Necromancy
  4932 | Sewer    | Reached XP level 8. HP: 59/59 MP: 8/14
  5621 | D:6      | Reached ** piety under Vehumet
  5625 | D:6      | Offered knowledge of Poisonous Vapours by Vehumet.
  5934 | D:6      | Reached skill level 5 in Spellcasting
  6879 | D:7      | Reached XP level 9. HP: 32/67 MP: 14/17
  7266 | D:7      | Found a hide-covered altar of Uskayaw.
  7313 | D:7      | Found a staircase to the Ecumenical Temple.
  8323 | D:8      | Reached skill level 6 in Spellcasting
  8393 | D:8      | Offered knowledge of Volatile Blastmotes by Vehumet.
  8466 | D:8      | Reached skill level 5 in Stealth
  8572 | D:8      | Noticed a two-headed ogre
  8584 | D:8      | Killed a two-headed ogre
  8585 | D:8      | Reached skill level 5 in Dodging
  8837 | D:8      | Found a large runed translucent door.
  8837 | D:8      | Found a large runed translucent door.
  8891 | D:8      | Found a shimmering blue altar of Sif Muna.
  8984 | D:8      | Found an ornate altar of the Wu Jian Council.
  9069 | D:8      | Reached *** piety under Vehumet
  9179 | D:8      | Found an opulent altar of Gozag.
  9179 | D:8      | Found a sparkling altar of Nemelex Xobeh.
  9290 | D:9      | Noticed a komodo dragon
  9298 | D:9      | Reached XP level 10. HP: 77/77 MP: 15/19
  9462 | D:9      | Found a staircase to the Lair.
  9474 | D:9      | Reached skill level 7 in Spellcasting
  9476 | D:9      | Reached skill level 5 in Translocations
  9571 | D:9      | Noticed a gargoyle
  9576 | D:9      | Killed a gargoyle
  9576 | D:9      | Offered knowledge of Olgreb's Toxic Radiance by Vehumet.
  9582 | D:9      | Learned a level 4 spell: Olgreb's Toxic Radiance
  9593 | D:9      | Noticed Pikel
  9604 | D:9      | Killed Pikel
  9605 | D:9      | Reached skill level 1 in Evocations
  9671 | D:9      | Found a transporter.
  9672 | D:9      | Noticed a tengu warrior
  9691 | D:9      | Found a transporter.
  9693 | D:9      | Noticed a manticore
  9700 | D:9      | Identified the ring of Onog {Ice Str+3 Int-5 SInv}
 10091 | D:9      | Noticed a two-headed ogre
 10102 | D:9      | Killed a two-headed ogre
 10104 | D:9      | Reached XP level 11. HP: 69/83 MP: 20/22
 10374 | D:9      | Found a staircase to the Orcish Mines.
 10561 | D:9      | Reached skill level 8 in Spellcasting
 10686 | D:9      | Reached skill level 5 in Long Blades
 10712 | D:9      | Killed a tengu warrior
 10713 | D:9      | Reached skill level 5 in Necromancy
 10920 | D:10     | Entered Level 10 of the Dungeon
 10920 | D:10     | Noticed a two-headed ogre
 10920 | D:10     | Found Hoygatin's Book Shop.
 10930 | D:10     | Killed a two-headed ogre
 11354 | D:10     | Found a hazy altar of Hepliaklqana.
 11420 | D:10     | Reached **** piety under Vehumet
 11433 | D:10     | Reached skill level 1 in Poison Magic
 11434 | D:10     | Reached skill level 9 in Spellcasting
 11435 | D:10     | Offered knowledge of Sticky Flame by Vehumet.
 12082 | D:10     | Noticed a two-headed ogre
 12089 | D:10     | Killed a two-headed ogre
 12130 | D:10     | Noticed a two-headed ogre
 12132 | D:10     | HP: 2/85 [two-headed ogre/+0 giant spiked club (4)]
 12409 | D:10     | Reached XP level 12. HP: 82/92 MP: 25/25
 12472 | D:10     | Killed a two-headed ogre
 12537 | D:10     | Noticed a centaur warrior
 12548 | D:10     | Killed a centaur warrior
 12554 | D:10     | Reached skill level 5 in Fighting
 12968 | D:10     | Noticed Psyche
 12975 | D:10     | Killed Psyche
 13172 | D:2      | Bought the ring "Boaruvy" {MP+9 Slay+4 Stlth+} for 512 gold
                  | pieces
 13714 | D:11     | Reached skill level 10 in Spellcasting
 14674 | D:12     | You fall into a shaft and drop 1 floor!
 14814 | D:13     | Noticed a centaur warrior
 14818 | D:13     | Reached ***** piety under Vehumet
 14820 | D:13     | Offered knowledge of Conjure Ball Lightning by Vehumet.
 14824 | D:13     | Killed a centaur warrior
 15104 | D:12     | Noticed a boulder beetle
 15105 | D:12     | Noticed a two-headed ogre
 15115 | D:12     | Killed a two-headed ogre
 15121 | D:12     | Killed a boulder beetle
 15240 | D:12     | Noticed a two-headed ogre
 15250 | D:12     | Killed a two-headed ogre
 15886 | D:12     | Noticed a boulder beetle
 15901 | D:12     | Killed a boulder beetle
 15902 | D:12     | Reached XP level 13. HP: 91/102 MP: 9/27
 16275 | D:12     | Learned a level 3 spell: Hailstorm
 16365 | Lair:1   | Entered Level 1 of the Lair of Beasts
 16473 | Lair:1   | Identified the +4 falchion of the Pits of Slime {flame, rC-
                  | rN+ Dex+5}
 16814 | Lair:1   | Reached skill level 11 in Spellcasting
 18047 | Lair:2   | Found a staircase to the Swamp.
 18048 | Lair:2   | HP: 1/103 [swamp worm (11)]
 18051 | Lair:2   | Killed from afar by an electric eel

Illustrated notes

Levels and vault maps discovered:
D:1:      saegor_arrival_simple_e, layout_basic, serial_shops,
          nicolae_shop_tiny_statue_garden
D:2:      layout_rooms, serial_shops, nicolae_shop_gaudy_bauble,
          minmay_crystal_water, feat_on_display, uniq_terence
D:3:      layout_loops_ring, old_standard_altar, minitemple,
          chequers_temple_overflow_minitemple, zin_statuary, serial_shops, shop,
          basic_ecumenical_altar, uniq_grinder, uniq_robin
D:4:      minmay_skewed_foursquare, layout_basic, nicolae_underground_beach,
          uniq_eustachio
D:5:      layout_basic
D:6:      layout_basic, cheibrodos_sewer_entry_drain, skrybe_limestone_x,
          ebering_dispersal_statue_hall
D:7:      layout_gridville, eat_drink_and_be_merry_uskayaw,
          minmay_temple_entry_gardened_gates, minivault_1
D:8:      layout_basic, grunt_temple_overflow_opulence, jmf_multi_god_temple2
D:9:      gammafunk_the_bubble [the_bubble_gammafunk_split], layout_basic,
          due_lair_maze_entry_diamond, orc_0_dummy, minmay_misc_feat_square,
          uniq_pikel
D:10:     minmay_imperfect_grid, layout_layer_cave,
          mainiacjoe_overflow_chevrons, abandoned_shop, kennysheep_cross_room,
          grunt_ministairs_8, nicolae_stop_n_shop_1, uniq_psyche
D:11:     layout_rooms
D:12:     layout_cave_pods
D:13:     layout_gridville, special_room [special_room_bee],
          worldfamousw_hep_ancestral_shrine
Lair:1:   layout_roguey, infiniplex_staircase_pool
Lair:2:   layout_chaotic_city, nicolae_swamp_entry_splash_gauntlet,
          minmay_lair_oklob_items, roderic_carrion_pond, serial_bayou_shore_b,
          grunt_megastairs_4

Skill      XL: |  1  2  3  4  5  6  7  8  9 10 11 12 13 |
---------------+----------------------------------------+-----
Dodging        | 2 3 4 5 6 7 |  7.7
Conjurations   | 5 6 7 8 9 |  9.6
Stealth        | 2 3 4 5 6 |  6.0
Spellcasting   | 3 4 5 6 7 9 10 11 | 11.1
Translocations | 3 4 5 6 |  6.7
Fighting       | 1 3 4 5 6 |  6.5
Necromancy     | 2 3 4 5 6 |  6.3
Long Blades    | 3 4 5 7 8 |  8.1
Evocations     | 2 3 |  3.0
Poison Magic   | 3 4 |  4.9
Unarmed Combat | |  0.6

Action                     |  1- 3 |  4- 6 |  7- 9 | 10-12 | 13-15 || total
---------------------------+-------+-------+-------+-------+-------++-------
  Melee: Unarmed           |    15 |    18 |   170 |       |       ||   203
         Tailslap          |     2 |     1 |    37 |    27 |     7 ||    74
         Punch             |       |       |     1 |       |       ||     1
         Great sword       |       |       |    45 |   150 |    55 ||   250
   Cast: Magic Dart        |    43 |    21 |    21 |    33 |       ||   118
         Searing Ray       |     5 |    25 |    84 |    77 |     9 ||   200
         Vampiric Draining |       |       |     7 |    45 |     4 ||    56
         Iskenderun's Myst |       |       |    30 |    83 |    15 ||   128
         Olgreb's Toxic Ra |       |       |       |    16 |    12 ||    28
    Use: Scroll            |     1 |     9 |     6 |     4 |    17 ||    37
         Potion            |       |     2 |       |     8 |     3 ||    13
   Stab: Sleeping          |       |     2 |     7 |     3 |     3 ||    15
         Distracted        |       |       |     2 |       |       ||     2
 Armour: Skin              |    36 |    25 |   149 |   253 |    46 ||   509
  Dodge: Dodged            |    66 |    26 |   230 |   254 |    68 ||   644
